 Dungeon Crawl Stone Soup version 0.20.1-1-g8b1a95d66d (webtiles) character file.

6709 Giltor the Covert (level 10, -15/45 HPs)
             Began as a Spriggan Enchanter on Dec 16, 2017.
             Was a High Priest of Okawaru.
             Engulfed by a cloud of flame (23 damage)
             ... on level 9 of the Dungeon.
             The game lasted 01:43:22 (11100 turns).

Giltor the Covert (Spriggan Enchanter)             Turns: 11100, Time: 01:43:24

Health: -15/45     AC:  3    Str:  7    XL:     10   Next: 74%
Magic:  17/23      EV: 22    Int: 22    God:    Okawaru [*****.]
Gold:   240        SH:  0    Dex: 17    Spells: 17/25 levels left

rFire    . . .     SeeInvis +   S - +2 dagger (flame)
rCold    x . .     Gourm    .   (shield restricted)
rNeg     . . .     Faith    .   T - +0 robe of the Soldier {rC- Int+5} (curse)
rPois    .         Spirit   .   (helmet restricted)
rElec    .         Reflect  .   J - +0 cloak
rCorr    .         Harm     .   (gloves unavailable)
MR       +....                  (boots unavailable)
Stlth    ++++++....             (no amulet)
Regen    0.2/turn               d - ring of stealth
MPRegen  0.2/turn               R - ring of wizardry

@: very quick
A: unfitting armour, see invisible, herbivore 3, speed 3, slow metabolism 2
a: Heroism, Finesse, Renounce Religion


You were on level 9 of the Dungeon.
You worshipped Okawaru.
Okawaru was extremely pleased with you.
You were full.

You visited 2 branches of the dungeon, and saw 10 of its levels.
You also visited: Sewer.

You collected 371 gold pieces.
You spent 131 gold pieces at shops.

Inventory:

Hand Weapons
 a - a +1 dagger
 u - a +1 blowgun
 v - a +1 falchion of draining
 S - a +2 dagger of flaming (weapon)
Missiles
 w - 7 curare-tipped needles
 y - 50 poisoned needles
 D - 6 tomahawks of dispersal (quivered)
Armour
 J - a +0 cloak (worn)
 T - the cursed +0 robe of the Soldier (worn) {rC- Int+5}
   (You bought it in a shop on level 9 of the Dungeon)

   It affects your intelligence (+5).
   It makes you vulnerable to cold.
   It has a curse placed upon it.
Jewellery
 d - a ring of stealth (left hand)
 R - a ring of wizardry (right hand)
Wands
 g - a wand of paralysis (12/24)
 h - a wand of paralysis (7/24)
 q - a wand of flame (7/48)
 I - a wand of lightning (5/15)
 N - a wand of acid (7/15)
 Q - a wand of disintegration (11/24)
Scrolls
 e - 3 scrolls of enchant armour
 i - 4 scrolls of recharging
 k - 6 scrolls of teleportation
 o - 2 scrolls of remove curse
 t - a scroll of enchant weapon
 A - a scroll of fog
 B - a scroll of amnesia
 E - a scroll of blinking
 G - a scroll of magic mapping
 K - a scroll of fear
 L - a scroll of identify
Potions
 f - 9 potions of flight
 l - 4 potions of curing
 m - a potion of lignification
 n - a potion of mutation {unknown}
 p - 3 potions of cancellation {unknown}
 r - a potion of resistance {unknown}
 s - 2 potions of agility
 x - 4 potions of berserk rage
 z - 2 potions of brilliance {unknown}
 F - a potion of might
 H - a potion of ambrosia {unknown}
 O - 2 potions of invisibility {unknown}
 P - a potion of heal wounds
Books
 c - a book of Maledictions

   Spells                             Type                      Level
   a - Corona                         Hexes                        1
   b - Ensorcelled Hibernation        Hexes/Ice                    2
   c - Confuse                        Hexes                        3
   d - Tukima's Dance                 Hexes                        3
   e - Dazzling Spray                 Conjuration/Hexes            3
Comestibles
 j - 2 fruits
 C - 5 royal jellies
 M - 4 bread rations


   Skills:
 - Level 1.2 Fighting
 - Level 7.1 Short Blades
 - Level 0.1(3.2) Long Blades
 - Level 2.4 Throwing
 - Level 7.1 Dodging
 - Level 11.1 Stealth
 - Level 8.1 Spellcasting
 - Level 10.3 Hexes
 - Level 5.1 Invocations
 * Level 5.6 Evocations


You had 17 spell levels left.
You knew the following spells:

 Your Spells              Type           Power        Failure   Level  Hunger
b - Ensorcelled Hibernat  Hex/Ice        ####..       1%          2    None
c - Confuse               Hex            ######..     1%          3    None
d - Tukima's Dance        Hex            ######..     1%          3    None


Dungeon Overview and Level Annotations

Branches:
Dungeon (9/15)             Temple (1/1) D:5
   Lair: D:8-11         Orc: D:9-12

Altars:
Ashenzari
Elyvilon
Hepliaklqana
Kikubaaqudgha
Okawaru
Qazlal
Ru
Uskayaw
Vehumet
The Shining One

Shops:
D:9 [


Innate Abilities, Weirdness & Mutations

You are very small and have problems with some larger weapons.
You are too small for most types of armour.
You have supernaturally acute eyesight. (SInv)
You are a herbivore.
You cover ground extremely quickly.
You need consume almost no food.


Message History

You catch the helpless yak completely off-guard!
You impale the yak!! You burn the yak!
The yak explodes!
The fiery explosion engulfs the yak.
The yak explodes!
The fiery explosion engulfs the yak.
The yak is severely wounded.
The fiery explosion engulfs the yak.
The yak explodes!
Okawaru accepts your kill.
Your Evocations skill increases to level 4!
Okawaru accepts your kill.
Your Evocations skill increases to level 5!
The fiery explosion engulfs you!
Ouch! That really hurt!
* * * LOW HITPOINT WARNING * * *
Okawaru accepts your kill.
You are engulfed in blazing flames.
Ouch! That really hurt!
You die...

..# #.......# ..#
+.......# ..#
#..Y....# ..+
#..Y....+ ..#
#.YYYY..# ..# #Y##
[.# #§§### ### ##§§§#
..# #########@####
#.######............#
....#..'.........Y..#
......##............#
....####............#
....# #............#
....# #............+
....# #............#
....# #............#


You could see 4 yaks.

Vanquished Creatures
  A two-headed ogre (D:9)
  The ghost of Funimplied the Carver, a novice MiFi of the Shining One (D:6)
  Pikel (D:6)
  Joseph (D:9)
  A hippogriff (D:7)
  A wyvern (D:8)
  4 hogs (D:8)
  A human (D:8)
  3 yaks (D:9)
  2 hungry ghosts (D:9)
  3 sky beasts
  An ice beast (D:6)
  A necrophage (D:4)
  2 phantoms
  2 orc warriors
  4 ogres
  4 centaurs
  2 big kobolds
  2 bullfrogs (D:8)
  6 wights
  A howler monkey (D:9)
  4 crimson imps
  2 centaur zombies
  A quasit (D:8)
  A jelly (D:7)
  3 hounds
  3 orc priests
  An iron imp (D:7)
  3 iguanas
  8 orc wizards
  3 worker ants
  A killer bee zombie (D:8)
  A hound skeleton (D:8)
  2 worker ant zombies (D:6)
  17 adders
  A shadow imp (D:8)
  3 oozes
  2 adder skeletons
  5 worms
  A dart slug (D:1)
  A leopard gecko (D:5)
  23 orcs
  9 giant cockroaches
  6 goblins
  8 hobgoblins
  15 jackals
  2 quokkas
  3 ball pythons
  10 bats
  4 frilled lizards
  A goblin zombie (D:7)
  A hobgoblin zombie (D:7)
  A jackal zombie (D:5)
  19 kobolds
  A kobold skeleton (D:7)
  2 kobold zombies (D:7)
  A leopard gecko zombie (D:3)
  An orc zombie (D:7)
  12 rats
226 creatures vanquished.

Vanquished Creatures (collateral kills)
  An ogre (D:8)
  2 wights (D:9)
  7 orcs
  A jackal (D:9)
11 creatures vanquished.

Grand Total: 237 creatures vanquished

Notes
Turn   | Place    | Note
-------+----------+-------------------------------------------
     0 | D:1      | Giltor the Spriggan Enchanter began the quest for the Orb.
     0 | D:1      | Reached XP level 1. HP: 9/9 MP: 5/5
   524 | D:1      | Reached XP level 2. HP: 7/13 MP: 4/6
   595 | D:1      | Learned a level 2 spell: Ensorcelled Hibernation
  1183 | D:2      | Reached XP level 3. HP: 16/16 MP: 4/8
  1202 | D:2      | Learned a level 3 spell: Confuse
  1291 | D:2      | Found a white marble altar of Elyvilon.
  1316 | D:2      | Reached skill level 5 in Stealth
  2109 | D:3      | Reached XP level 4. HP: 21/21 MP: 9/9
  2114 | D:3      | Learned a level 3 spell: Tukima's Dance
  2149 | D:3      | Reached skill level 5 in Hexes
  2748 | D:4      | Reached XP level 5. HP: 15/24 MP: 0/10
  3043 | D:4      | Reached skill level 1 in Throwing
  3191 | D:4      | Noticed an ogre
  3210 | D:4      | Killed an ogre
  3509 | D:4      | Reached skill level 1 in Fighting
  3509 | D:4      | Reached XP level 6. HP: 30/30 MP: 11/11
  4232 | D:5      | Entered Level 5 of the Dungeon
  4387 | D:5      | Reached XP level 7. HP: 33/33 MP: 12/12
  4624 | D:5      | Found a staircase to the Ecumenical Temple.
  4628 | D:5      | Reached skill level 6 in Stealth
  4632 | Temple   | Entered the Ecumenical Temple
  4648 | Temple   | Became a worshipper of Warmaster Okawaru
  4875 | D:5      | Found a glowing drain.
  4884 | Sewer    | Entered a sewer
  4964 | Sewer    | Reached skill level 7 in Stealth
  5086 | Sewer    | Reached skill level 1 in Invocations
  6363 | D:5      | Found a hazy altar of Hepliaklqana.
  6413 | D:5      | Reached XP level 8. HP: 37/37 MP: 12/16
  6594 | D:6      | Reached skill level 5 in Spellcasting
  6706 | D:6      | Found a shattered altar of Ashenzari.
  6709 | D:6      | Noticed Funimplied's ghost (novice MiFi)
  6951 | D:6      | Reached * piety under Okawaru
  7109 | D:6      | Killed Funimplied's ghost
  7109 | D:6      | Reached skill level 10 in Stealth
  7273 | D:6      | Reached skill level 11 in Stealth
  7496 | D:6      | Noticed Pikel
  7648 | D:6      | Killed Pikel
  7648 | D:6      | Reached ** piety under Okawaru
  7648 | D:6      | Reached skill level 5 in Invocations
  7648 | D:6      | Reached XP level 9. HP: 24/41 MP: 12/17
  8133 | D:7      | Found a glowing golden altar of the Shining One.
  8563 | D:7      | Found a stormy altar of Qazlal.
  8565 | D:7      | Found a hide-covered altar of Uskayaw.
  8618 | D:7      | Reached skill level 5 in Dodging
  9280 | D:8      | Reached *** piety under Okawaru
  9326 | D:8      | Reached skill level 5 in Short Blades
  9524 | D:8      | Reached XP level 10. HP: 45/45 MP: 18/18
  9756 | D:8      | Reached **** piety under Okawaru
 10148 | D:9      | Noticed Joseph
 10170 | D:9      | Killed Joseph
 10170 | D:9      | Reached skill level 10 in Hexes
 10325 | D:9      | Found Cemen's Antique Armour Emporium.
 10381 | D:9      | Bought a shadowed robe for 131 gold pieces
 10391 | D:9      | Identified the cursed +0 robe of the Soldier {rC- Int+5} (You bought it in a shop on level 9 of the Dungeon)
 10800 | D:9      | Noticed a two-headed ogre
 10827 | D:9      | Killed a two-headed ogre
 10827 | D:9      | Reached ***** piety under Okawaru
 10917 | D:9      | Found a radiant altar of Vehumet.
 11100 | D:9      | Reached skill level 5 in Evocations
 11100 | D:9      | Engulfed by a cloud of flame

Skill      XL: |  1  2  3  4  5  6  7  8  9 10 |
---------------+-------------------------------+-----
Short Blades   | 2 4 5 7 |  7.1
Hexes          | 4 6 7 9 10 | 10.3
Spellcasting   | 3 4 5 8 |  8.1
Stealth        | 5 7 11 | 11.1
Throwing       | 2 |  2.4
Fighting       | 1 |  1.2
Evocations     | 3 5 |  5.6
Invocations    | 2 5 |  5.1
Dodging        | 7 |  7.1
Long Blades    | |  0.1

Action                   |  1- 3 |  4- 6 |  7- 9 | 10-12 || total
-------------------------+-------+-------+-------+-------++-------
Melee: Dagger            |   164 |   236 |   370 |   154 ||   924
 Cast: Corona            |    13 |       |       |       ||    13
       Ensorcelled Hiber |    18 |       |       |       ||    18
       Confuse           |    12 |    37 |    81 |    36 ||   166
       Tukima's Dance    |       |     1 |     7 |     9 ||    17
  Use: Scroll            |     4 |     6 |     9 |     3 ||    22
       Potion            |       |       |     3 |       ||     3
 Stab: Sleeping          |    14 |    13 |    27 |     7 ||    61
       Confused          |     6 |    21 |    53 |    24 ||   104
       Distracted        |       |       |       |     1 ||     1
  Eat: Fruit             |     1 |     6 |     1 |       ||     8
       Bread ration      |     1 |       |     2 |       ||     3
       Royal jelly       |       |       |     1 |       ||     1
Armor: Robe              |    22 |    19 |     8 |       ||    49
Dodge: Dodged            |   131 |   108 |   177 |    84 ||   500
